Map: Yellowjacket

Players

YoloIt

  • Race: Terran Terran
  • League: Platinum
  • Spawn Location: 9:00

SparkyMan

  • Race: Zerg Zerg
  • Spawn Location: 7:00

韩国死亩

  • Race: Terran Terran
  • League: Gold
  • Spawn Location: 1:00

炸鱼死全家

  • Race: Terran Terran
  • League: Diamond
  • Spawn Location: 3:00

VOD

Have the link to the VOD?

Description

Time

  • Played on: Sept. 21, 2025, 4:15 a.m.
  • Length: 8:28
Show
View Real Time Build Order
Export as new Build Order

YoloIt Terran 

Build Orders: Reaper Expand 

Get SALT Encoding   

  12  0:00  SCV  
  13  0:12  SCV  
  14  0:18  Supply Depot  
  14  0:24  SCV  
  15  0:40  SCV  
  15  0:41  Barracks  
  16  0:46  Refinery  
  16  0:52  SCV  
  17  1:04  SCV  
  18  1:16  SCV  
  19  1:28  Orbital Command  
  19  1:29  Reaper  
  20  1:45  Command Center  
  20  1:55  SCV  
  20  2:01  Marine, Supply Depot  
  21  2:07  SCV  
  23  2:15  Factory  
  22  2:23  SCV  
  22  2:28  Barracks Reactor  
  23  2:35  SCV  
  24  2:37  Refinery  
  24  2:47  SCV  
  25  2:57  Orbital Command  
  25  3:03  Starport  
  25  3:10  SCV  
  25  3:12  Barracks Tech Lab  
  26  3:18  Hellion x2  
  30  3:22  SCV  
  30  3:24  Barracks  
  30  3:25  SCV  
  33  3:34  SCV  
  33  3:36  Barracks Tech Lab  
  33  3:38  SCV  
  34  3:42  Hellion x2  
  38  3:49  Supply Depot  
  38  3:50  SCV x2  
  40  3:57  Supply Depot  
  40  4:03  Fusion Core  
  40  4:06  Banshee  
  40  4:07  SCV  
  40  4:09  SCV  
  45  4:18  Refinery  
  45  4:19  Supply Depot  
  45  4:20  SCV  
  46  4:24  Cloaking Field  
  46  4:26  SCV  
  47  4:32  SCV  
  48  4:44  SCV  
  49  4:48  SCV  
  49  4:52  Banshee  
  53  4:56  SCV  
  53  4:59  Refinery  
  54  5:00  Stimpack, SCV  
  54  5:01  Barracks Tech Lab, Marine  
  54  5:04  Barracks Reactor  
  56  5:09  SCV  
  56  5:11  Command Center  
  56  5:12  SCV  
  56  5:20  Hellion x2  
  56  5:21  SCV, Marine  
  56  5:37  SCV x2  
  56  5:40  Marine x2  
  56  5:41  Marine  
  61  5:46  Barracks  
  61  5:47  Battlecruiser  
  67  5:50  SCV  
  67  5:56  Factory Tech Lab  
  68  5:57  Marine  
  68  5:58  Weapon Refit  
  68  5:59  SCV  
  70  6:12  Supply Depot  
  70  6:13  Supply Depot  
  70  6:14  Supply Depot  
  70  6:20  Barracks  
  70  6:21  Engineering Bay  
  70  6:22  SCV x2  
  72  6:29  Siege Tank, Marine  
  75  6:34  SCV  
  76  6:46  Marine  
  68  6:49  Marine x2  
  68  6:51  Battlecruiser  
  64  7:04  Marine  
  58  7:11  Siege Tank  
  58  7:19  Marine x2  
  58  7:22  Marine  
  43  7:36  Marine x2, SCV  
  38  7:39  Orbital Command  
  38  7:40  SCV, Marine  
  26  7:48  SCV  
  24  7:52  SCV  
  24  7:54  Marine x2  
  24  7:58  Marine  
  28  8:00  SCV  
  28  8:04  SCV  
  35  8:13  SCV  
Show
View Real Time Build Order
Export as new Build Order

SparkyMan Zerg 

Build Orders: Hatch First 

Get SALT Encoding   

  12  0:09  Drone x2  
  14  0:16  Overlord  
  14  0:35  Drone x2  
  16  0:42  Drone  
  17  0:56  Drone  
  18  0:57  Hatchery  
  17  1:11  Spawning Pool  
  16  1:13  Drone  
  16  1:15  Drone  
  18  1:23  Extractor  
  18  1:25  Drone  
  18  1:37  Drone  
  19  1:50  Drone  
  20  2:01  Queen  
  20  2:06  Overlord  
  22  2:13  Drone  
  23  2:19  Queen  
  25  2:25  Drone  
  25  2:26  Hatchery  
  25  2:29  Drone x2  
  27  2:42  Drone x2  
  29  2:45  Lair  
  29  2:52  Drone  
  30  3:00  Extractor  
  30  3:02  Metabolic Boost  
  29  3:07  Drone  
  30  3:13  Drone  
  31  3:29  Drone  
  31  3:30  Drone x4  
  31  3:32  Overlord  
  31  3:33  Overlord  
  36  3:41  Drone x4  
  37  3:45  Queen  
  42  3:50  Queen  
  42  3:53  Drone  
  45  4:01  Evolution Chamber  
  45  4:02  Evolution Chamber  
  43  4:08  Drone  
  43  4:09  Drone x3  
  47  4:20  Infestation Pit  
  46  4:24  Hydralisk Den  
  46  4:29  Drone x3  
  48  4:41  Drone x3  
  48  4:44  Queen  
  53  4:45  Queen  
  53  4:51  Zerg Melee Weapons Level 1  
  55  4:52  Zerg Ground Armor Level 1  
  55  4:53  Grooved Spines  
  55  5:00  Drone x2  
  55  5:01  Extractor  
  55  5:02  Extractor  
  55  5:03  Drone x2  
  55  5:06  Extractor  
  56  5:09  Drone x2  
  56  5:12  Hatchery  
  56  5:13  Zergling x2  
  58  5:15  Overlord  
  54  5:46  Drone x3  
  54  5:47  Overlord x3  
  54  5:48  Overlord  
  57  5:50  Hive  
  57  5:57  Muscular Augments  
  57  6:07  Spore Crawler  
  57  6:08  Drone x2  
  58  6:15  Spore Crawler  
  57  6:20  Lurker Den  
  57  6:21  Drone x2  
  57  6:22  Drone x2  
  60  6:26  Drone  
  60  6:27  Queen  
  63  6:35  Zergling x8, Extractor  
  63  6:36  Zergling x14  
  63  6:37  Zergling x4  
  75  6:41  Queen  
  75  6:45  Zergling x2  
  76  6:49  Zergling x4  
  76  6:53  Zergling x2  
  66  7:10  Hydralisk x7  
  75  7:21  Hydralisk x3  
  77  7:29  Hydralisk  
  77  7:31  Zergling x2  
  74  7:54  Zergling x10  
  74  7:55  Zergling x2  
  77  7:59  Zergling x2  
  62  8:06  Zergling x6  
Show
View Real Time Build Order
Export as new Build Order

韩国死亩 Terran 

Build Orders:  

Get SALT Encoding   

  12  0:00  SCV  
  13  0:12  SCV  
  14  0:17  Supply Depot  
  14  0:24  SCV  
  15  0:38  SCV  
  15  0:39  Barracks  
  16  0:44  Refinery  
  16  0:50  SCV  
  17  1:03  SCV  
  18  1:15  SCV  
  19  1:27  Barracks Reactor  
  19  1:31  Orbital Command  
  19  1:40  Command Center  
  19  1:56  SCV, Barracks  
  20  2:06  Barracks  
  20  2:08  SCV  
  21  2:18  Supply Depot  
  21  2:21  SCV  
  22  2:34  SCV  
  23  2:40  Refinery  
  23  2:42  Factory  
  23  2:45  Barracks Tech Lab  
  23  2:46  SCV  
  23  2:50  Marine x2  
  26  2:54  Barracks Reactor  
  26  2:58  Orbital Command  
  26  2:59  SCV  
  27  3:07  Stimpack  
  27  3:09  Marine x2  
  27  3:12  SCV  
  30  3:20  Marine  
  30  3:24  SCV x2  
  33  3:28  Refinery, Marine x2  
  33  3:31  Marine x2  
  37  3:36  SCV  
  37  3:40  Starport  
  38  3:42  Factory Reactor  
  38  3:43  SCV  
  38  3:46  Marine  
  38  3:47  Marine  
  41  3:50  SCV  
  42  3:55  SCV  
  42  4:00  Marine  
  42  4:01  Marine x2  
  46  4:07  SCV x2  
  48  4:15  Supply Depot  
  48  4:19  SCV  
  48  4:20  Engineering Bay, SCV  
  50  4:27  Refinery  
  50  4:31  SCV  
  50  4:32  SCV  
  50  4:36  Engineering Bay  
  52  4:43  SCV  
  53  4:47  Marine x4, Combat Shield  
  53  4:48  Marine  
  58  4:56  SCV x2  
  60  5:00  Supply Depot  
  60  5:08  SCV x2  
  61  5:20  SCV x2  
  59  5:23  Supply Depot  
  50  5:36  Marine x3  
  50  5:37  Marine x2  
  50  5:38  SCV x2  
  57  5:49  Terran Infantry Weapons Level 1  
  57  5:50  Supply Depot  
  57  5:52  Command Center  
  57  5:54  Medivac x2, Marine x4  
  57  5:56  Marauder  
  67  5:57  Terran Infantry Armor Level 1  
  67  6:04  Barracks  
  67  6:05  Concussive Shells  
  67  6:12  Marine x4  
  67  6:13  Supply Depot  
  67  6:15  SCV x2  
  67  6:16  Marine  
  74  6:28  SCV x2  
  76  6:33  Marine x2  
  76  6:34  Marine x2  
  76  6:38  Medivac x2  
  84  6:42  SCV x2  
  79  6:54  SCV  
  79  6:58  SCV  
  81  7:01  Marine x4  
  81  7:03  Barracks Reactor  
  81  7:06  SCV  
  81  7:07  Barracks  
  86  7:10  SCV  
  86  7:12  Marine  
  88  7:18  SCV  
  88  7:19  Marine x4  
  88  7:21  SCV  
  94  7:23  SCV  
  94  7:28  Command Center  
  95  7:30  SCV, Marine  
  95  7:33  SCV  
  95  7:35  SCV  
  95  7:37  Marine x4  
  99  7:42  SCV  
  104  7:45  SCV  
  104  7:47  SCV  
  106  7:55  SCV  
Show
View Real Time Build Order
Export as new Build Order

炸鱼死全家 Terran 

Build Orders: 2 Factory 

Get SALT Encoding   

  12  0:00  SCV  
  13  0:12  SCV  
  14  0:18  Supply Depot  
  14  0:24  SCV  
  15  0:40  SCV  
  16  0:43  Barracks  
  16  0:52  SCV  
  17  1:02  Refinery  
  18  1:04  SCV  
  18  1:16  SCV  
  19  1:30  Orbital Command, Marine  
  20  1:41  Command Center  
  20  1:53  Marine  
  21  1:55  Bunker, SCV  
  22  2:02  Supply Depot  
  22  2:08  SCV  
  23  2:14  Factory  
  23  2:23  SCV  
  23  2:28  Barracks Reactor  
  23  2:29  Refinery  
  24  2:35  SCV  
  25  2:48  SCV  
  26  2:54  Orbital Command  
  26  3:00  SCV  
  26  3:01  Factory  
  27  3:12  SCV  
  28  3:13  Hellion x2  
  28  3:14  Barracks Tech Lab  
  32  3:20  SCV  
  32  3:23  Refinery  
  32  3:24  SCV  
  34  3:32  SCV, Supply Depot  
  35  3:35  Hellion  
  35  3:36  Hellion, SCV  
  40  3:44  SCV  
  40  3:47  Factory  
  42  3:48  SCV  
  42  3:53  Cyclone  
  42  3:55  Barracks Tech Lab  
  45  3:57  SCV  
  45  4:00  SCV  
  47  4:09  SCV  
  48  4:12  Hellion x2, SCV  
  53  4:21  SCV  
  53  4:22  Supply Depot  
  53  4:23  Supply Depot  
  54  4:28  Cyclone, SCV  
  58  4:33  SCV  
  55  4:40  SCV  
  55  4:41  Cyclone  
  55  4:42  Hellion x2  
  61  4:54  SCV x2  
  61  4:55  Mag-Field Accelerator, Infernal Pre-Igniter  
  63  5:03  Supply Depot  
  63  5:06  Cyclone  
  63  5:07  Hellion x2  
  70  5:10  SCV x2  
  72  5:14  Refinery  
  72  5:24  Cyclone  
  72  5:28  Hellion x2  
  79  5:38  Cyclone  
  82  5:45  Command Center  
  82  5:49  Hellion  
  86  5:53  Hellion  
  86  5:58  Supply Depot  
  86  6:00  Supply Depot  
  86  6:16  Cyclone, SCV x2, Hellion  
  93  6:20  Cyclone  
  93  6:24  Armory  
  96  6:28  SCV x2  
  98  6:38  Hellion  
  98  6:39  Hellion  
  102  6:40  SCV x2  
  102  6:48  Cyclone  
  100  7:09  SCV x2  
  96  7:16  Engineering Bay  
  96  7:19  Hellion x5  
  96  7:21  SCV x2  
  89  7:33  SCV  
  72  7:54  SCV x2  
  72  7:55  Cyclone x2  
  72  8:06  SCV x2  
  72  8:10  Refinery  
  76  8:15  Refinery  
  76  8:16  Starport  
  76  8:18  Starport  
Tags
 
Add a new tag
Caveats
  • Supply blocks, unpowered buildings, or Contaminate may cause inaccurate times.
  • Supply counts are checked every 10 seconds.